 Dungeon Crawl Stone Soup version 0.18-a0-1229-ge9a1a01 (webtiles) character file.

42761 TheOrbIsALie the Destroyer (level 13, -16/79 HPs)
             Began as a Demonspawn Wizard on Feb 4, 2016.
             Was the Champion of Sif Muna.
             Killed from afar by unimpressed's ghost (36 damage)
             ... with an iron shot
             ... on level 1 of the Elven Halls.
             The game lasted 01:54:58 (23391 turns).

TheOrbIsALie the Destroyer (Demonspawn Wizard)     Turns: 23391, Time: 01:54:58

Health: -16/79     AC:  9    Str:  7    XL:     13   Next: 87%
Magic:  9/29       EV: 14    Int: 23    God:    Sif Muna [******]
Gold:   1359       SH:  0    Dex: 14    Spells: 5 memorised, 21 levels left

rFire  . . .     SeeInvis .     W - staff of poison
rCold  + + .     Gourm    +     Z - +2 robe {rC+}
rNeg   . . .     Faith    .     (no shield)
rPois  +         Spirit   .     Y - +1 hat
rElec  .         Dismiss  .     u - +0 cloak
rCorr  .         Reflect  .     z - +0 pair of gloves
SustAt .         Harm     .     M - +0 pair of boots
MR     .....                    K - amulet of the gourmand
Stlth  ++........               m - ring of protection from fire
                                b - ring of ice

@: about to teleport, drained, not resistant to hostile enchantments, unstealthy
A: claws 1, hooves 2, repulsion field 2, powered by death 3, shaggy fur 1, wild
magic 1, rot immunity
a: Channel Energy, Forget Spell, Renounce Religion


You were on level 1 of the Elven Halls.
You worshipped Sif Muna.
Sif Muna was exalted by your worship.
You were very full.

You visited 4 branches of the dungeon, and saw 16 of its levels.

You collected 1473 gold pieces.
You spent 114 gold pieces at shops.

Inventory:

Armour
 u - a +0 cloak (worn)
 z - a +0 pair of gloves (worn)
 M - a +0 pair of boots (worn)
 Y - a +1 hat (worn)
 Z - a +2 robe of cold resistance (worn)
Magical Staves
 W - an uncursed staff of poison (weapon)
Jewellery
 b - a ring of ice (left hand)
 f - an uncursed ring of flight
 l - an uncursed ring of fire
 m - a ring of protection from fire (right hand)
 q - a +3 ring of strength
 s - a +3 ring of intelligence
 C - a +3 ring of protection {unknown}
 K - an amulet of the gourmand (around neck)
 R - an uncursed amulet of harm {unknown}
 T - an uncursed ring of magical power {unknown}
Wands
 h - a wand of lightning (10/15)
 B - a wand of lightning (7/15)
 D - a wand of lightning (8/15)
 J - a wand of iceblast (6/15)
Scrolls
 g - 14 scrolls of identify
 i - 4 scrolls of recharging
 n - 4 scrolls of remove curse
 r - 3 scrolls of enchant armour {unknown}
 t - 2 scrolls of noise {unknown}
 v - 3 scrolls of immolation {unknown}
 w - a scroll of fear {unknown}
 x - a scroll of vulnerability {unknown}
 y - 3 scrolls of amnesia {unknown}
 E - 4 scrolls of enchant weapon {unknown}
 F - a scroll of fog {unknown}
 G - a scroll of silence {unknown}
 N - a scroll of brand weapon {unknown}
 P - a scroll of torment {unknown}
 V - 2 scrolls of acquirement {unknown}
Potions
 e - 4 potions of might
 k - 5 potions of curing
 Q - a potion of cancellation {unknown}
 U - a potion of berserk rage
 X - a potion of poison {unknown}
Books
 c - a book of Minor Magic

   Spells                             Type                      Level
   a - Magic Dart                     Conjuration                  1
   b - Blink                          Translocation                2
   c - Call Imp                       Summoning                    2
   d - Repel Missiles                 Charms/Air                   2
   e - Slow                           Hexes                        2
   f - Conjure Flame                  Conjuration/Fire             3
   g - Mephitic Cloud                 Conjuration/Poison/Air       3
 A - Liffoahu's Collected Works on Fiery Battle Magic
   (Sif Muna gifted it to you on level 1 of the Orcish Mines)

   Spells                             Type                      Level
   a - Flame Tongue                   Conjuration/Fire             1
   b - Throw Frost                    Conjuration/Ice              2
   c - Irradiate                      Conjuration/Transmutation    5
   d - Fireball                       Conjuration/Fire             5
   e - Delayed Fireball               Conjuration/Fire             7
 H - a book of the Warp

   Spells                             Type                      Level
   a - Recall                         Summoning/Translocation      3
   b - Gell's Gravitas                Hexes/Translocation          3
   c - Force Lance                    Conjuration/Translocation    4
   d - Phase Shift                    Translocation                5
   e - Warp Weapon                    Charms/Translocation         5
   f - Summon Forest                  Summoning/Translocation      5
 I - Sif Muna's Grimoire of Damaging Weightlessness
   (Sif Muna gifted it to you on level 2 of the Orcish Mines)

   Spells                             Type                      Level
   a - Repel Missiles                 Charms/Air                   2
   b - Airstrike                      Air                          4
   c - Freezing Cloud                 Conjuration/Ice/Air          6
   d - Poisonous Cloud                Conjuration/Poison/Air       6
 L - a book of Ice

   Spells                             Type                      Level
   a - Ice Form                       Ice/Transmutation            4
   b - Metabolic Englaciation         Hexes/Ice                    5
   c - Ozocubu's Refrigeration        Ice                          6
   d - Bolt of Cold                   Conjuration/Ice              6
   e - Freezing Cloud                 Conjuration/Ice/Air          6
   f - Simulacrum                     Ice/Necromancy               6
Comestibles
 a - a beef jerky
 d - 8 bread rations
 j - 6 meat rations
 p - 7 fruits
 S - a slice of pizza


   Skills:
 - Level 1.7(0.7) Dodging
 - Level 1.7(0.7) Stealth
 + Level 12.4(11.0) Spellcasting
 - Level 12.6(11.3) Conjurations
   Level 1.0(0.0) Summonings
 - Level 3.0(2.0) Translocations
 - Level 5.2(4.1) Fire Magic
 - Level 10.9(9.6) Ice Magic
 - Level 7.0(5.8) Air Magic
 - Level 4.2(3.1) Invocations


You had 21 spell levels left.
You knew the following spells:

 Your Spells              Type           Power        Failure   Level  Hunger
a - Magic Dart            Conj           ####         1%          1    None
b - Conjure Flame         Conj/Fire      #####...     3%          3    None
c - Mephitic Cloud        Conj/Pois/Air  ######..     4%          3    None
d - Blink                 Tloc           N/A          9%          2    None
e - Bolt of Cold          Conj/Ice       #######...   22%         6    #####..


Dungeon Overview and Level Annotations

Branches:
Dungeon (12/15)            Temple (0/1) D:6            Lair (1/8) D:9
    Orc (2/2) D:12            Elf (1/3) Orc:2

Altars:
Nemelex Xobeh
Sif Muna
Xom
Yredelemnul
The Shining One
Beogh

Shops:
D:4 (   D:8 ?(=   Orc:2 (?=%

Annotations:
Lair:1 exclusion: spiny frog
Elf:1 unimpressed's ghost, journeyman DEFE


Innate Abilities, Weirdness & Mutations

You have hoof-like feet.
You are surrounded by a moderate repulsion field (EV +3).
You regenerate a lot of health from kills.
You are immune to rotting.
You have sharp fingernails.
You are covered in fur (AC +1).
Your spells are a little harder to cast, but a little more powerful.


Message History

The fireball explodes!
The fireball engulfs you!
* * * LOW HITPOINT WARNING * * *
You hear a shout!
Unimpressed's ghost says, "You will never get the ORB!"
Eat which item? (? for menu, Esc to quit)
Okay, then.
Read which item? (? for menu, Esc to quit)
As you read the scroll of teleportation, it crumbles to dust.
You feel strangely unstable.
You start resting.
Casting: Blink
Confirm with . or Enter, or press ? or * to list all spells.
Aiming: Bolt of Cold
Press: ? - help, Shift-Dir - straight line, f - unimpressed's ghost
Aim: unimpressed's ghost (repelling missiles)
You feel a surge of power!
The bolt of cold misses unimpressed's ghost.
Unimpressed's ghost points at you and mumbles some strange words.
The iron shot hits you!
You die...

##...## ≈≈
##W##
##.#####
#......###
#.........
#.####.##.
#.# #
#W####.#
#...@..#
########


You could see unimpressed's ghost.

Vanquished Creatures
  Gastronok (D:11)
  2 orc warlords
  2 deep elf death magi (Elf:1)
  A hydra (D:11)
  The ghost of binmo the Unseen, a journeyman SpAK of Lugonu (D:12)
  A centaur warrior (D:11)
  4 orc high priests (Orc:2)
  A deep elf knight (Elf:1)
  8 orc sorcerers (Orc:2)
  An ugly thing (D:7)
  5 hill giants
  3 orc knights (Orc:2)
  12 deep elf magi
  The ghost of Trym the Slasher, a novice HESk of Elyvilon (D:6)
  3 cyclopes
  A manticore (D:12)
  A gargoyle (D:12)
  2 fire drakes
  10 trolls
  4 two-headed ogres
  A slime creature (D:12)
  A redback (shapeshifter) (Elf:1)
  4 yaks (D:7)
  4 hippogriffs
  A wyvern (D:9)
  A steam dragon (D:9)
  8 wargs
  A mottled dragon (D:11)
  2 water moccasins
  3 ice beasts
  42 orc warriors
  5 sky beasts
  4 phantoms
  3 black bears
  25 ogres
  4 centaurs
  Blork the orc (D:6)
  3 big kobolds
  A gnoll sergeant (D:7)
  8 giant frogs
  A wyvern zombie (D:10)
  5 scorpions
  13 killer bees
  9 wights
  2 centaur zombies
  8 crimson imps
  2 quasits
  A giant frog zombie (D:10)
  12 hounds
  29 orc priests
  4 jellies
  An iguana (D:6)
  3 centaur skeletons
  19 orc wizards
  4 giant frog skeletons
  8 worker ants
  A killer bee zombie (D:11)
  A hound skeleton (D:6)
  4 worker ant zombies
  10 gnolls
  15 adders
  5 shadow imps
  An adder zombie (D:8)
  An adder skeleton (D:5)
  4 worms
  5 giant geckos
  121 orcs
  10 giant cockroaches
  10 goblins
  12 hobgoblins
  11 jackals
  6 quokkas
  A ball python (D:5)
  14 bats
  2 giant gecko skeletons (D:4)
  A giant newt (D:2)
  A jackal skeleton (D:4)
  24 kobolds
  3 quokka skeletons
  6 rats
576 creatures vanquished.

Vanquished Creatures (collateral kills)
  A killer bee (D:12)
1 creature vanquished.

Vanquished Creatures (others)
  A fungus (Lair:1)
1 creature vanquished.

Grand Total: 578 creatures vanquished

Notes
Turn   | Place    | Note
--------------------------------------------------------------
     0 | D:1      | TheOrbIsALie the Demonspawn Wizard began the quest for the Orb.
     0 | D:1      | Reached XP level 1. HP: 13/13 MP: 4/4
   198 | D:1      | Gained mutation: You are surrounded by a mild repulsion field (EV +2). [demonic ancestry]
   198 | D:1      | Reached XP level 2. HP: 5/19 MP: 1/6
   942 | D:2      | Gained mutation: You regenerate a little health from kills. [demonic ancestry]
   942 | D:2      | Reached XP level 3. HP: 15/24 MP: 0/7
  1796 | D:3      | Reached skill level 4 in Conjurations
  1796 | D:3      | Gained mutation: You have large cloven feet. [demonic ancestry]
  1796 | D:3      | Reached XP level 4. HP: 27/30 MP: 3/8
  2297 | D:3      | Found a sparkling altar of Nemelex Xobeh.
  2415 | D:3      | Gained mutation: You regenerate health from kills. [demonic ancestry]
  2415 | D:3      | Reached XP level 5. HP: 35/35 MP: 4/9
  2965 | D:4      | Reached skill level 5 in Conjurations
  3152 | D:4      | Noticed an ogre
  3158 | D:4      | Learned a level 3 spell: Conjure Flame
  3162 | D:4      | Learned a level 3 spell: Mephitic Cloud
  3230 | D:4      | Killed an ogre
  3230 | D:4      | Reached skill level 6 in Conjurations
  3230 | D:4      | Reached XP level 6. HP: 41/41 MP: 1/10
  3512 | D:4      | Found Roove's Weapon Shoppe.
  3680 | D:4      | Reached skill level 7 in Conjurations
  4003 | D:5      | Entered Level 5 of the Dungeon
  4372 | D:5      | Reached XP level 7. HP: 26/46 MP: 1/11
  4424 | D:5      | Got a bloodstained ring mail
  4435 | D:5      | Identified the cursed +0 ring mail "Goexi" {-Tele rF+ rC- Int+10} (You found it on level 5 of the Dungeon)
  4786 | D:4      | Reached skill level 8 in Conjurations
  5329 | D:5      | Reached skill level 9 in Conjurations
  5377 | D:5      | Gained mutation: You are occasionally teleported next to monsters. [mutagenic meat]
  5378 | D:5      | Gained mutation: You are covered in fur (AC +1). [mutagenic meat]
  5379 | D:5      | Gained mutation: Scrolls take you a little longer to read. [mutagenic meat]
  5381 | D:5      | Gained mutation: You are weak. (Str -2) [potion of mutation]
  5381 | D:5      | Gained mutation: Your spells are a little harder to cast, but a little more powerful. [potion of mutation]
  5381 | D:5      | Gained mutation: You have sharp fingernails. [potion of mutation]
  5424 | D:5      | Found a deep blue altar of Sif Muna.
  5428 | D:5      | Became a worshipper of Sif Muna the Loreminder
  5429 | D:5      | Lost mutation: Scrolls take you a little longer to read. [potion of cure mutation]
  5429 | D:5      | Lost mutation: You are weak. (Str -2) [potion of cure mutation]
  5429 | D:5      | Lost mutation: You are occasionally teleported next to monsters. [potion of cure mutation]
  5433 | D:5      | Reached XP level 8. HP: 52/52 MP: 5/12
  5444 | D:5      | Learned a level 2 spell: Blink
  5448 | D:5      | Identified Sif Muna's Compendium of Attacks
  5715 | D:6      | Noticed Blork the orc
  5843 | D:6      | Killed Blork the orc
  5846 | D:6      | Noticed Trym's ghost (novice HESk)
  6013 | D:6      | Reached skill level 10 in Conjurations
  6280 | D:6      | Killed Trym's ghost
  6280 | D:6      | Reached * piety under Sif Muna
  6280 | D:6      | Reached skill level 11 in Conjurations
  6372 | D:6      | Reached skill level 1 in Fire Magic
  6545 | D:6      | Found a staircase to the Ecumenical Temple.
  6695 | D:6      | Reached ** piety under Sif Muna
  6837 | D:6      | Noticed a hill giant
  6908 | D:6      | Killed a hill giant
  6908 | D:6      | Gained mutation: You are immune to rotting. [demonic ancestry]
  6908 | D:6      | Reached XP level 9. HP: 57/57 MP: 3/13
  7323 | D:6      | Reached skill level 5 in Fire Magic
  7384 | D:6      | Got a scorched leather armour
  7385 | D:6      | Identified the cursed +1 leather armour "Upaities" {Str-4 Dex+4 SInv Stlth+} (You found it on level 6 of the Dungeon)
  7448 | D:6      | Reached skill level 1 in Air Magic
  8104 | D:7      | Reached *** piety under Sif Muna
  8320 | D:7      | Noticed a brown ugly thing
  8340 | D:7      | Reached skill level 5 in Air Magic
  8391 | D:7      | Killed a cyan ugly thing
  8391 | D:7      | Gained mutation: You regenerate a lot of health from kills. [demonic ancestry]
  8391 | D:7      | Reached XP level 10. HP: 47/63 MP: 1/14
  8540 | D:7      | Reached **** piety under Sif Muna
  9036 | D:7      | Found a shimmering altar of Xom.
  9036 | D:7      | Found a glowing golden altar of the Shining One.
  9210 | D:8      | Reached skill level 1 in Translocations
  9482 | D:8      | Found Guilacyoq's Magic Scroll Emporium.
  9486 | D:8      | Bought a scroll of teleportation for 36 gold pieces
  9486 | D:8      | Bought a scroll of teleportation for 36 gold pieces
  9486 | D:8      | Bought a scroll of magic mapping for 42 gold pieces
 10027 | D:8      | Found Tackeuc's Antique Weapon Shop.
 10040 | D:8      | Found Urhevye's Jewellery Boutique.
 11343 | D:9      | Reached ***** piety under Sif Muna
 11394 | D:9      | Found a staircase to the Lair.
 11456 | D:9      | Reached skill level 5 in Spellcasting
 12106 | D:10     | Entered Level 10 of the Dungeon
 12831 | Lair:1   | Entered Level 1 of the Lair of Beasts
 12934 | Lair:1   | Found a basalt altar of Yredelemnul.
 12935 | Lair:1   | Noticed a spiny frog
 12952 | Lair:1   | Noticed a black mamba
 13205 | D:10     | Noticed a hill giant
 13238 | D:10     | Killed a hill giant
 13238 | D:10     | Reached XP level 11. HP: 68/68 MP: 5/20
 13665 | D:10     | Noticed a hill giant
 13680 | D:10     | Killed a hill giant
 13793 | D:10     | Reached skill level 12 in Conjurations
 14539 | D:11     | Noticed Gastronok
 14619 | D:11     | Noticed a centaur warrior
 14784 | D:11     | HP: 3/68 [centaur warrior/arrow of flame (1)]
 15122 | D:11     | Killed a centaur warrior
 15122 | D:11     | Reached ****** piety under Sif Muna
 15122 | D:11     | Received a gift from Sif Muna
 15154 | D:11     | Learned a level 6 spell: Bolt of Cold
 15234 | D:11     | Reached skill level 1 in Ice Magic
 15236 | D:11     | Noticed a deep elf mage
 15252 | D:11     | Killed a deep elf mage
 15309 | D:11     | Noticed a five-headed hydra
 15594 | D:11     | Noticed a hill giant
 15603 | D:11     | Killed Gastronok
 15603 | D:11     | Reached skill level 5 in Ice Magic
 15608 | D:11     | Killed a hill giant
 15914 | D:11     | Killed a five-headed hydra
 16075 | D:12     | Found a staircase to the Orcish Mines.
 16370 | D:12     | Noticed binmo's ghost (journeyman SpAK)
 16381 | D:12     | Killed binmo's ghost
 16381 | D:12     | Gained mutation: You are surrounded by a moderate repulsion field (EV +3). [demonic ancestry]
 16381 | D:12     | Reached XP level 12. HP: 34/74 MP: 17/21
 16662 | D:12     | Received a gift from Sif Muna
 17896 | Orc:1    | Entered Level 1 of the Orcish Mines
 17938 | Orc:1    | Noticed an orc warlord
 17945 | Orc:2    | Entered Level 2 of the Orcish Mines
 18953 | Orc:2    | Reached skill level 10 in Ice Magic
 18991 | Orc:2    | Found Jiluq's Jewellery Boutique.
 19001 | Orc:2    | Found Xiroc's Food Shop.
 19122 | Orc:2    | Found a roughly hewn altar of Beogh.
 19387 | Orc:2    | Paralysed by an orc sorcerer for 6 turns
 19393 | Orc:2    | Received a gift from Sif Muna
 19394 | Orc:2    | Identified Sif Muna's Grimoire of Damaging Weightlessness (Sif Muna gifted it to you on level 2 of the Orcish Mines)
 20146 | Orc:2    | Noticed an orc warlord
 20154 | Orc:2    | Found Vebossyg's Weapon Boutique.
 20184 | Orc:2    | Gained mutation: You have hoof-like feet. [demonic ancestry]
 20184 | Orc:2    | Reached XP level 13. HP: 79/79 MP: 0/25
 20580 | Orc:2    | Found Bocleshroy's Magic Scroll Emporium.
 20757 | Orc:2    | Killed an orc warlord
 21248 | Orc:2    | Found a roughly hewn altar of Beogh.
 21544 | Orc:2    | Reached skill level 10 in Spellcasting
 21680 | Orc:2    | Found a staircase to the Elven Halls.
 22116 | Orc:1    | Killed an orc warlord
 22184 | Orc:1    | Received a gift from Sif Muna
 22185 | Orc:1    | Identified Liffoahu's Collected Works on Fiery Battle Magic (Sif Muna gifted it to you on level 1 of the Orcish Mines)
 22756 | Elf:1    | Entered Level 1 of the Elven Halls
 23019 | Elf:1    | Noticed a deep elf death mage
 23022 | Elf:1    | Noticed a deep elf death mage
 23027 | Elf:1    | Killed a deep elf death mage
 23305 | Elf:1    | Killed a deep elf death mage
 23308 | Elf:1    | Noticed unimpressed's ghost (journeyman DEFE)
 23316 | Elf:1    | Killed a ghostly deep elf death mage
 23391 | Elf:1    | Killed from afar by unimpressed's ghost

Vault maps used:
D:1:      dpeg_arrival_three_same_balls
D:2:      uniq_crazy_yiuf_cottage
D:3:      first_bread, nemelex_spade_bored_becter
D:4:      serial_shops, kennysheep_mini_moat
D:5:      led_sif_book
D:6:      kennysheep_windowed_halls, temple_hall, minivault_1,
          uniq_blork_the_orc
D:7:      gammafunk_temple_overflow_wave, item_on_display_a
D:8:      serial_shops, nicolae_shop_trees, shop_statue, nicolae_shop_trees
D:9:      minmay_lair_entry_lava
D:11:     minmay_opposing_rooms, uniq_gastronok
D:12:     david_orc_2
Lair:1:   basic_altar, st_stairs_12, lemuel_fruit_fields,
          infiniplex_staircase_pool_2, lemuel_fruit_fields
Orc:1:    roderic_batcave, statue_in_the_mist_lemuel
Orc:2:    pubby_orc_utopia, serial_shops
Elf:1:    eino_elf_arrival_sip, serial_shops, nicolae_shop_waterfront,
          minmay_elf_crystal_heptagon

Action                   |  1- 3 |  4- 6 |  7- 9 | 10-12 | 13-15 || total
-------------------------+-------+-------+-------+-------+-------++-------
Melee: Dagger            |    76 |    53 |     8 |   130 |       ||   267
       Unarmed           |     6 |       |     2 |       |       ||     8
       Short sword       |       |    76 |   115 |       |       ||   191
       Staff             |       |       |       |   115 |    61 ||   176
 Cast: Magic Dart        |    89 |   172 |   295 |   944 |   105 ||  1605
       Mephitic Cloud    |       |     2 |    16 |    68 |    11 ||    97
       Conjure Flame     |       |     1 |    19 |    42 |       ||    62
       Blink             |       |       |     9 |     6 |     7 ||    22
       Bolt of Cold      |       |       |       |    53 |    70 ||   123
Invok: Channel Energy    |       |       |    25 |   124 |    61 ||   210
Evoke: Wand              |       |       |       |     9 |       ||     9
  Use: Potion            |     1 |       |     7 |     6 |       ||    14
       Scroll            |       |     2 |     2 |     7 |     3 ||    14
 Stab: Sleeping          |     2 |       |       |     1 |       ||     3
       Confused          |       |     1 |     2 |     9 |     2 ||    14
       Distracted        |       |       |       |     1 |       ||     1
  Eat: Chunk             |     2 |     9 |    20 |    71 |    48 ||   150
       Pizza             |       |       |     1 |       |       ||     1
       Beef jerky        |       |       |     1 |     1 |       ||     2
       Meat ration       |       |       |       |     3 |       ||     3
